[Event "Late-Titled-Tuesday-Blitz-October-17-2023"]
[Site "Chess.com"]
[Date "2023.10.17"]
[Round "8"]
[White "AradNazari"]
[Black "Jospem"]
[Result "0-1"]
[WhiteElo "2913"]
[BlackElo "3140"]
[TimeControl "180+1"]
[EndTime "15:24:30 PDT"]
[Termination "Jospem won by resignation"]

1. e4 c5 2. Nf3 d6 3. d4 cxd4 4.
Nxd4 a6 5. Nc3 e6 6. h3 b5 7. g4 Bb7 8. Bg2 Nf6 9. Qe2 Be7 10.
a3 Nc6 11. Be3 Ne5 12. Rd1 Qc7 13. O-O Nc4 14. Bc1 g6 15. Rd3 Nd7 16. f4 Rc8 17. f5 e5 18. Nb3 g5 19. Rfd1 h5 20. Nd2 hxg4 21. hxg4 Ncb6 22. Nf1 Rg8 23. Ne3 Nf6 24. b3 Qc5 25. Bb2 Rh8 26. Bf3 a5 27.
b4 axb4 28. axb4 Qxb4 29. Rb1 Qc5 30. Kg2 b4 31. Ncd5 Nbxd5 32. exd5 Ba6 33. c4 bxc3 0-1

[Event "Late-Titled-Tuesday-Blitz-October-17-2023"]
[Site "Chess.com"]
[Date "2023.10.17"]
[Round "8"]
[White "BrandonJacobson"]
[Black "K_A_S_T_O_R"]
[Result "1-0"]
[WhiteElo "2983"]
[BlackElo "2867"]
[TimeControl "180+1"]
[EndTime "15:24:32 PDT"]
[Termination "BrandonJacobson won by resignation"]

1. d4 Nf6 2. c4 e6 3. Nc3 Bb4 4. e3 O-O 5. Bd3 d5 6. a3 Bxc3+ 7. bxc3 c5 8. cxd5 exd5 9. Ne2 b6 10. O-O Re8 11.
f3 Bb7 12. Ng3 Nc6 13. Ra2 Qc7 14. Re2 Rad8 15. Bb2 Na5 16. e4 cxd4 17. cxd4 Nc4 18. e5 Nd7 19. f4 Nxb2 20. Rxb2 Qc3 21. Rbf2 Nf8 22. f5 Qxd4 23. e6 fxe6 24. f6 Kh8 25.
fxg7+ Qxg7 26. Rf7 Qd4+ 27. Kh1 Bc6 28. Qh5 Rd7 29.
Rxf8+ Rxf8 30. Rxf8+ Kg7 31. Rf3 1-0

[Event "Late-Titled-Tuesday-Blitz-October-17-2023"]
[Site "Chess.com"]
[Date "2023.10.17"]
[Round "8"]
[White "TigrVShlyape"]
[Black "Alimpic"]
[Result "1/2-1/2"]
[WhiteElo "2814"]
[BlackElo "2531"]
[TimeControl "180+1"]
[EndTime "15:24:33 PDT"]
[Termination "Game drawn by repetition"]

1. e4 g6 2. d4 c6 3. c3 d5 4.
Nd2 dxe4 5. Nxe4 Nf6 6. Nxf6+ exf6 7. Bc4 Bg7 8. Qe2+ Qe7 9. Qxe7+ Kxe7 10. Ne2 Be6 11. Bd3 a5 12. a4 Na6 13. Nf4 Nc7 14.
Nxe6 fxe6 15. O-O Kf7 16. Re1 h5 17. g3 Bh6 18. f4 Nd5 19. Kg2 h4 20. Bd2 f5 21.
Bc4 Bf8 22. Kf3 hxg3 23. hxg3 Bd6 24. Rh1 Nf6 25. Bd3 Nd5 26. Rae1 Rae8 27. Kg2 Nf6 28. Rxh8 Rxh8 29. Rh1 Rxh1 30. Kxh1 Nh7 31. Kg2 Kf6 32.
c4 Bb4 33. Bxb4 axb4 34. c5 g5 35. Kf3 g4+ 36. Ke3 Ke7 37. Bc4 Nf6 38. Bd3 Kd7 39.
a5 Kc7 40. Ke2 Kd7 41. Kf2 Kc7 42. Ke3 Nh5 43. Kf2 Nf6 44. Ke3 Nh5 45. Kf2 Nf6 1/2-1/2

[Event "Late-Titled-Tuesday-Blitz-October-17-2023"]
[Site "Chess.com"]
[Date "2023.10.17"]
[Round "8"]
[White "UK_23"]
[Black "Alphafischer2019"]
[Result "0-1"]
[WhiteElo "2390"]
[BlackElo "2578"]
[TimeControl "180+1"]
[EndTime "15:24:34 PDT"]
[Termination "Alphafischer2019 won by checkmate"]

1. e4 c5 2. Nf3 Nc6 3. Bb5 g6 4.
O-O Bg7 5. c3 Nf6 6. e5 Nd5 7. d4 cxd4 8. cxd4 O-O 9. Nc3 Nxc3 10. bxc3 d6 11. exd6 Qxd6 12. a4 a6 13. Ba3 Qc7 14. Be2 Rd8 15. Rc1 Na5 16. c4 Bg4 17.
d5 Bxf3 18. gxf3 b6 19. Re1 Nb7 20. Bf1 Nc5 21. Qc2 Be5 22. h3 Rac8 23. Rcd1 Bf6 24. Re2 Qf4 25. Rde1 Qxf3 26. Re3 Qf4 27. Bb2 Nd7 28.
Bxf6 exf6 29. Qb2 Qd6 30. Rb1 h5 31. Bd3 Re8 32. Rbe1 Rxe3 33. Rxe3 Ne5 34. Be2 Nxc4 35. Bxc4 Rxc4 36. Re8+ Kg7 37. Qe2 Qxd5 38. Kh2 Rc1 39. f3 Qc5 40. Kg3 Qg5+ 41. Kf2 Qg1# 0-1

[Event "Late-Titled-Tuesday-Blitz-October-17-2023"]
[Site "Chess.com"]
[Date "2023.10.17"]
[Round "8"]
[White "GoltsevDmitry2000"]
[Black "Predator0608"]
[Result "1-0"]
[WhiteElo "2658"]
[BlackElo "2505"]
[TimeControl "180+1"]
[EndTime "15:24:35 PDT"]
[Termination "GoltsevDmitry2000 won by resignation"]

1. e4 e5 2. Nf3 Nc6 3. Bb5 a6 4. Ba4 Nf6 5. O-O Nxe4 6. d4 b5 7. Bb3 d5 8. dxe5 Be6 9. c3 Be7 10. Nbd2 Nc5 11. Bc2 d4 12. cxd4 Nxd4 13. Nxd4 Qxd4 14.
Nf3 Qxd1 15. Rxd1 O-O 16. Ng5 Bxg5 17. Bxg5 f6 18. exf6 gxf6 19. Bf4 Rf7 20. b3 Kf8 21. Rac1 Rc8 22. Bb1 Nb7 23. Be4 Nd8 24. h3 Ke8 25.
Re1 Re7 26. Re3 Kf7 27. Bxh7 f5 28. h4 c5 29. h5 Rd7 30. Bg6+ Kf6 31. Be5+ Ke7 32.
h6 Nf7 33. Bxf7 Kxf7 34. h7 1-0

[Event "Late-Titled-Tuesday-Blitz-October-17-2023"]
[Site "Chess.com"]
[Date "2023.10.17"]
[Round "8"]
[White "NateSolon"]
[Black "Artem_Koval"]
[Result "1-0"]
[WhiteElo "2614"]
[BlackElo "2421"]
[TimeControl "180+1"]
[EndTime "15:24:37 PDT"]
[Termination "NateSolon won by resignation"]

1. d4 d5 2. Bf4 c5 3. e3 Nc6 4. Nf3 Nf6 5. Nbd2 e6 6. c3 Nh5 7. Bg5 f6 8. Bh4 g6 9. Be2 cxd4 10. Nxd4 Nxd4 11. exd4 Nf4 12. O-O Bd6 13. Bf3 h5 14. c4 Kf7 15. cxd5 exd5 16. Qb3 g5 17. Bg3 Be6 18.
Qxb7+ Kg6 19. Rfe1 Re8 20. Bxf4 Bxf4 21. Bxh5+ Kh6 22. Bxe8 Qxe8 23. Rxe6 Qxe6 24. Qxa8 Bxd2 25. Qxa7 Qe4 26. a4 f5 27. a5 f4 28. Qb6+ Kh5 29.
Qb3 g4 30. a6 f3 31. a7 Be1 32. Qe3 Bxf2+ 33. Qxf2 1-0

[Event "Late-Titled-Tuesday-Blitz-October-17-2023"]
[Site "Chess.com"]
[Date "2023.10.17"]
[Round "8"]
[White "Baku_Boulevard"]
[Black "MikaelyanArman"]
[Result "1-0"]
[WhiteElo "3017"]
[BlackElo "2890"]
[TimeControl "180+1"]
[EndTime "15:24:41 PDT"]
[Termination "Baku_Boulevard won on time"]

1. e4 e5 2. Nf3 Nc6 3. Bc4 Nf6 4. d4 exd4 5. e5 Ne4 6. Qe2 Nc5 7. O-O Ne6 8. Rd1 d5 9. exd6 Bxd6 10. c3 O-O 11. cxd4 Nf4 12. Bxf4 Bxf4 13. Nc3 Bg4 14. Qe4 Bxf3 15. Qxf3 Bd6 16. Ne4 h6 17. g3 Ne7 18.
Rac1 Qd7 19. Nc5 Qc6 20. Qxc6 bxc6 21. Ne4 Rab8 22. b3 Rfd8 23. Kg2 Kf8 24. Rc2 Bb4 25. a3 Bxa3 26. Ra2 Bb4 27. Rxa7 Rd7 28. Rd3 Rbd8 29. Rf3 Ng6 30. h4 f6 31. Rb7 Be7 32. h5 Nh8 33. Rf4 Nf7 34. Nc5 Bxc5 35. dxc5 Ne5 36. Be6 Re7 37. Bf5 Kf7 38. Re4 Rd5 39. b4 Rd2 40. Rb8 Rb2 41. Rd8 Rc2 42. Rxe5 fxe5 43. Bxc2 1-0

[Event "Late-Titled-Tuesday-Blitz-October-17-2023"]
[Site "Chess.com"]
[Date "2023.10.17"]
[Round "8"]
[White "TanitoluwaAps116"]
[Black "Langua_Chess"]
[Result "0-1"]
[WhiteElo "2611"]
[BlackElo "2509"]
[TimeControl "180+1"]
[EndTime "15:24:47 PDT"]
[Termination "Langua_Chess won on time"]

1. e4 c5 2. Nf3 d6 3. Bb5+ Nd7 4. c3 a6 5. Bd3 b5 6. Bc2 Bb7 7. d4 Ngf6 8. Nbd2 g6 9. O-O Bg7 10. Re1 O-O 11. h3 Qc7 12. Bd3 e5 13. d5 c4 14. Bf1 Rfc8 15. Qc2 Nc5 16. b3 Nd3 17. Bxd3 cxd3 18. Qxd3 Qxc3 19. Qxc3 Rxc3 20. Ba3 Bf8 21. Rac1 Rac8 22. Rxc3 Rxc3 23. Rc1 Rxc1+ 24. Bxc1 Nh5 25. Nb1 f5 26. Nc3 b4 27. Na4 fxe4 28. Ng5 Nf6 29. Nb6 Nxd5 30. Nc4 Nc3 31. Bd2 Nxa2 32. f3 exf3 33.
gxf3 Nc3 34. Kf2 Nb5 35. Ke3 Nd4 36. Bxb4 Nxb3 37. Nxd6 Bc6 38. f4 a5 39. Ba3 exf4+ 40.
Kxf4 a4 41. Ke5 Nd2 42. Ke6 Bg2 43. h4 Bxd6 0-1

[Event "Late-Titled-Tuesday-Blitz-October-17-2023"]
[Site "Chess.com"]
[Date "2023.10.17"]
[Round "8"]
[White "Sacbutt"]
[Black "icy"]
[Result "1-0"]
[WhiteElo "2244"]
[BlackElo "2397"]
[TimeControl "180+1"]
[EndTime "15:24:49 PDT"]
[Termination "Sacbutt won by resignation"]

1. e4 d6 2. d4 e5 3. dxe5 dxe5 4. Qxd8+ Kxd8 5. Bc4 f6 6. Ne2 c6 7. O-O Kc7 8. Be3 Nd7 9. Nbc3 Bc5 10. Bxc5 Nxc5 11. f4 exf4 12. Nxf4 b5 13. Bb3 a5 14. a4 b4 15. Nce2 Nxe4 16. Nh5 g6 17. Bxg8 Rxg8 18. Nxf6 Nxf6 19. Rxf6 Rg7 20. Raf1 Ra7 21. Nd4 Bd7 22. Rf7 Rxf7 23. Rxf7 h5 24. Rg7 Kd6 25. Rxg6+ Kd5 26.
Nb3 Bf5 27. Rg5 Ke4 28. Rxh5 Kf4 29. g3+ Kg4 30. Rh4+ Kg5 31. Nd4 Bg4 32. h3 Bc8 33. Nxc6 Rc7 34. Nxa5 Bd7 35. Rxb4 Rxc2 36. h4+ Kf6 37. Nc4 Ke6 38. a5 Ke7 39. a6 1-0

[Event "Late-Titled-Tuesday-Blitz-October-17-2023"]
[Site "Chess.com"]
[Date "2023.10.17"]
[Round "8"]
[White "Defenstrator"]
[Black "maurovargas01"]
[Result "1-0"]
[WhiteElo "2407"]
[BlackElo "1905"]
[TimeControl "180+1"]
[EndTime "15:24:49 PDT"]
[Termination "Defenstrator won on time"]

1. d4 d5 2. c4 c6 3. Nf3 Bg4 4. Ne5 Bh5 5. Qb3 Qb6 6. Qh3 Nf6 7. Qc8+ Qd8 8. Qxb7 Nbd7 9. Nxc6 Qc8 10. Qxc8+ Rxc8 11. Nxa7 Rxc4 12. Nc3 Ne4 13. e3 e6 14. Bxc4 dxc4 15.
Nxe4 Be7 16. Nc6 Bg6 17. Nd2 Bd6 18. Nxc4 Bc7 19. N6e5 Bh5 20. Nxd7 Kxd7 21. Bd2 Rb8 22. a4 Bg6 23. a5 Bd3 24. Nb6+ Kd8 25. Bc3 Rb7 26. Kd2 Bb5 27. a6 Ra7 28. Na4 Rxa6 29. Nc5 Rd6 30. Nb7+ Kd7 31. Nxd6 Bxd6 32. Ra7+ Kc6 33.
Rc1 Kb6 34. Rxf7 1-0

[Event "Late-Titled-Tuesday-Blitz-October-17-2023"]
[Site "Chess.com"]
[Date "2023.10.17"]
[Round "8"]
[White "GM_dmitrij"]
[Black "vladislavkovalev"]
[Result "1-0"]
[WhiteElo "3039"]
[BlackElo "2874"]
[TimeControl "180+1"]
[EndTime "15:24:50 PDT"]
[Termination "GM_dmitrij won by resignation"]

1. c4 Nf6 2. Nc3 d6 3. d4 Nbd7 4. e4 e5 5. Nf3 a6 6. Be2 exd4 7. Nxd4 g6 8. O-O Bg7 9. Be3 O-O 10. Qd2 Rb8 11.
f3 Ne5 12. Rad1 Re8 13. a4 Bd7 14. b3 h5 15. Bg5 c5 16. Nc2 Re6 17. Nd5 b5 18.
axb5 axb5 19. Nf4 Nxe4 20. Nxe6 Nxd2 21. Nxd8 Nxf1 22. f4 bxc4 23. bxc4 Rb2 24. fxe5 Rxc2 25. Bd3 Rb2 26. exd6 Bd4+ 27. Kxf1 Bg4 28. Nc6 Rf2+ 29. Ke1 Bxd1 30. Nxd4 Rxg2 31. d7 1-0

[Event "Late-Titled-Tuesday-Blitz-October-17-2023"]
[Site "Chess.com"]
[Date "2023.10.17"]
[Round "8"]
[White "NotFischer"]
[Black "Bala-Afiada"]
[Result "1-0"]
[WhiteElo "2259"]
[BlackElo "1912"]
[TimeControl "180+1"]
[EndTime "15:24:50 PDT"]
[Termination "NotFischer won by resignation"]

1. e4 c5 2. Nf3 Nc6 3. Bb5 d6 4. Bxc6+ bxc6 5. d3 Bg4 6. Nbd2 e5 7. h3 Bxf3 8. Nxf3 g6 9. O-O Bg7 10. c3 Ne7 11. Re1 O-O 12. Bg5 Qd7 13. Qd2 f5 14. Bxe7 Qxe7 15. Rad1 f4 16. d4 cxd4 17. cxd4 Rab8 18.
Qc2 Qb7 19. dxe5 dxe5 20. Ng5 h6 21. Ne6 Rf7 22. b3 Bf6 23. Rd6 Qb4 24. Red1 c5 25. Qxc5 Qxc5 26. Nxc5 Be7 27. Rxg6+ Kh7 28. Rc6 Bd8 29.
Rdd6 Bb6 30. Rxh6+ Kg7 31. Rcg6+ Kf8 32. Rh8+ Ke7 33.
Rxb8 Bxc5 34. Rb7+ Kf8 35. Rxf7+ Kxf7 36. Rg5 Kf6 37.
Rf5+ Ke6 38. h4 Bf8 1-0

[Event "Late-Titled-Tuesday-Blitz-October-17-2023"]
[Site "Chess.com"]
[Date "2023.10.17"]
[Round "8"]
[White "AlexNovitz"]
[Black "Flaccidmoves"]
[Result "1-0"]
[WhiteElo "2238"]
[BlackElo "2390"]
[TimeControl "180+1"]
[EndTime "15:24:51 PDT"]
[Termination "AlexNovitz won by resignation"]

1. e4 e5 2. Nf3 Nc6 3. Bb5 a6 4. Ba4 Nf6 5. O-O b5 6. Bb3 Be7 7. Re1 O-O 8. c3 d5 9. exd5 Nxd5 10. Nxe5 Nxe5 11. Rxe5 c6 12. d4 Bd6 13. Re1 Qh4 14.
g3 Qh3 15. Be3 Bg4 16. Qd3 f5 17. Qf1 Qh5 18. Nd2 f4 19. Bxf4 Rxf4 20. gxf4 Bxf4 21.
Qg2 Bxd2 22. Re5 Qh3 23. Bxd5+ Kh8 24. Qxh3 Bxh3 25. Bxc6 Rf8 26. Re8 Rxe8 27. Bxe8 Bg4 28. a4 b4 29. c4 b3 30. Bf7 Bf5 31. c5 Bc2 32. a5 g5 33. d5 Bb4 34. c6 Bd6 35.
Re1 Kg7 36. Be6 Kf8 37. Bd7 h5 38. Re6 Bc7 39. d6 Bxa5 40. c7 Bc3 41. c8=Q+ Kg7 1-0

[Event "Late-Titled-Tuesday-Blitz-October-17-2023"]
[Site "Chess.com"]
[Date "2023.10.17"]
[Round "8"]
[White "Mikhal867"]
[Black "Heinza9"]
[Result "0-1"]
[WhiteElo "2414"]
[BlackElo "2329"]
[TimeControl "180+1"]
[EndTime "15:24:53 PDT"]
[Termination "Heinza9 won on time"]

1. c4 f5 2. d4 Nf6 3. h4 d6 4. h5 e5 5. h6 g6 6. dxe5 dxe5 7. Qxd8+ Kxd8 8. Bg5 Be7 9. Nc3 Be6 10. O-O-O+ Nbd7 11. e3 c6 12. Nf3 Kc7 13. a3 Rhe8 14. Be2 Ng4 15. Rdf1 e4 16. Bxe7 exf3 17. gxf3 Rxe7 18. fxg4 fxg4 19. Rhg1 Ne5 20. Ne4 Rf8 21. Ng5 Bxc4 22.
Bxc4 Nxc4 23. Rxg4 Nxe3 24. Re1 Rxf2 25. Re4 Rxe4 26.
Nxe4 Rf3 27. Ng5 Rg3 28. Nxh7 Nf5 29. Nf8 Nxh6 30. Re7+ Kb6 31. Nd7+ Kb5 32. Ne5 Ka6 33. Nd7 Nf5 34. Re5 b6 35. Nf8 Nd4 36. Re4 c5 37.
Nd7 Kb5 38. Ne5 Rg2 39. Kb1 a5 40. Nf7 g5 41. Re5 a4 42. Nxg5 Kc4 43. Ne6 Rg1+ 44. Ka2 Nb3 45. Re4+ Kb5 46. Nc7+ Ka5 0-1

[Event "Late-Titled-Tuesday-Blitz-October-17-2023"]
[Site "Chess.com"]
[Date "2023.10.17"]
[Round "8"]
[White "RichardShtivelband"]
[Black "GlavkonVVS"]
[Result "1/2-1/2"]
[WhiteElo "2206"]
[BlackElo "2538"]
[TimeControl "180+1"]
[EndTime "15:24:54 PDT"]
[Termination "Game drawn - insufficient material"]

1. d4 Nf6 2. Nf3 c5 3. d5 e6 4. Nc3 exd5 5. Nxd5 Nxd5 6. Qxd5 d6 7. Bf4 Nc6 8.
O-O-O Be6 9. Qd2 Qb6 10. e4 O-O-O 11. Ng5 d5 12. Nxe6 fxe6 13. exd5 exd5 14. Be2 Bd6 15. Bg4+ Kb8 16. Bg5 Be7 17. Rhe1 Bxg5 18. Qxg5 Qc7 19. g3 d4 20. Qxc5 Qf7 21. f4 Qxa2 22. Bf3 Qa1+ 23.
Kd2 Qxb2 24. Bxc6 d3 25. Qe5+ Qxe5 26. Rxe5 dxc2+ 27. Kxc2 Rxd1 28. Kxd1 bxc6 29. Re7 g6 30. Kc2 h5 31. Kc3 h4 32. g4 Rf8 33. Rg7 Rxf4 34.
Rxg6 Kb7 35. g5 Rf2 36. Kd4 Rxh2 37. Ke5 h3 38. Rh6 Rg2 39. Kf6 h2 40. g6 a5 41.
g7 Rf2+ 42. Ke7 Rg2 43. Kf8 Rf2+ 44. Kg8 a4 45. Kh8 Rg2 46. g8=Q Rxg8+ 47. Kxg8 Kb6 48. Kf7 a3 49. Rxh2 Kc5 50. Ke6 Kc4 51. Ke5 c5 52. Ra2 Kb3 53. Ra1 Kb2 54. Rh1 a2 55. Kd5 a1=Q 56. Rxa1 Kxa1 57. Kxc5 1/2-1/2

[Event "Late-Titled-Tuesday-Blitz-October-17-2023"]
[Site "Chess.com"]
[Date "2023.10.17"]
[Round "8"]
[White "KaydenTroffChess"]
[Black "gahryman"]
[Result "0-1"]
[WhiteElo "2817"]
[BlackElo "2689"]
[TimeControl "180+1"]
[EndTime "15:24:57 PDT"]
[Termination "gahryman won by resignation"]

1. d4 Nf6 2. c4 e6 3. Nf3 d5 4. g3 Bb4+ 5. Bd2 Be7 6. Bg2 O-O 7. O-O c6 8. Qc2 h6 9. Rc1 Nbd7 10. Be1 b6 11. Nbd2 Bb7 12. e4 dxe4 13. Nxe4 c5 14. Nc3 Bxf3 15. Bxf3 cxd4 16. Bxa8 Qxa8 17. Nb1 d3 18. Qd1 Ne5 19. Nd2 Ne4 20. f3 Nxd2 21. Bxd2 Nxf3+ 22. Kf2 Nxd2 23. c5 Bxc5+ 24. Rxc5 Ne4+ 25.
Ke3 Nxc5 26. Qf3 Qxf3+ 27. Kxf3 e5 28. b4 Ne6 29. Ke4 Rd8 30. Rd1 d2 31. Kxe5 Nd4 32.
Ke4 Ne2 33. Ke3 Nc3 34. Rxd2 Rxd2 35. Kxd2 Nxa2 36. b5 Nb4 37. Kc3 Nd5+ 38. Kd4 Nc7 39. Kc4 Nxb5 40. Kxb5 a5 41. Kc4 Kf8 42. Kb5 Ke7 43. Kc4 f5 44. Kb3 Kf6 45. Kc3 g5 46.
Kd3 b5 47. Ke3 b4 48. Kf3 a4 49. h4 h5 50. Kf2 gxh4 51. Kg2 Ke5 52. Kh3 b3 53. Kxh4 b2 54. Kh3 b1=Q 55. Kh4 a3 56. g4 hxg4 0-1

[Event "Late-Titled-Tuesday-Blitz-October-17-2023"]
[Site "Chess.com"]
[Date "2023.10.17"]
[Round "8"]
[White "KNVB"]
[Black "TheMagician"]
[Result "1-0"]
[WhiteElo "2616"]
[BlackElo "2218"]
[TimeControl "180+1"]
[EndTime "15:24:59 PDT"]
[Termination "KNVB won by checkmate"]

1. d4 Nf6 2. Nc3 d5 3. Bf4 c6 4. e3 g6 5. h3 Bg7 6. Nf3 O-O 7.
Be2 a5 8. O-O a4 9. a3 b6 10.
Ne5 Ba6 11. Bxa6 Rxa6 12. Qd3 b5 13. b3 axb3 14. cxb3 Qc8 15. Rfc1 Qb7 16. a4 b4 17. Na2 Rc8 18. Qc2 e6 19. Nd3 Bf8 20. Nc5 Bxc5 21.
Qxc5 Rb6 22. Qc2 Nfd7 23. Qd2 c5 24. Bxb8 Qxb8 25. Rab1 c4 26. bxc4 b3 27. c5 bxa2 28.
cxb6 axb1=Q 29. Rxb1 Nxb6 30. a5 Rc6 31. Qb4 Qc8 32.
axb6 Rc1+ 33. Rxc1 Qxc1+ 34. Kh2 Qc8 35. Qd6 Kg7 36.
Qc7 Qa6 37. b7 Qe2 38. Qg3 Qb2 39. b8=Q Qb7 40. Qge5+ f6 41. Qxb7+ Kh6 42. Qf4+ g5 43. Qxf6+ Kh5 44. Qxh7# 1-0

[Event "Late-Titled-Tuesday-Blitz-October-17-2023"]
[Site "Chess.com"]
[Date "2023.10.17"]
[Round "8"]
[White "zverr1"]
[Black "ferdipy"]
[Result "1-0"]
[WhiteElo "2509"]
[BlackElo "2367"]
[TimeControl "180+1"]
[EndTime "15:24:59 PDT"]
[Termination "zverr1 won by checkmate"]

1. e4 e6 2. d4 d5 3. Nc3 Bb4 4. Ne2 Nf6 5. Bg5 h6 6. Bh4 dxe4 7. a3 Be7 8. Bxf6 Bxf6 9. Nxe4 Be7 10. Qd3 Nd7 11.
O-O-O Nf6 12. N2c3 Bd7 13. d5 exd5 14. Nxf6+ Bxf6 15. Nxd5 Be6 16. Nxf6+ Qxf6 17. Qb5+ c6 18. Qb4 Qxf2 19.
Qd6 Qb6 20. Bc4 Rd8 21. Qe5 O-O 22. Bxe6 fxe6 23. Qxe6+ Kh8 24. Kb1 Rde8 25. Qg4 Re5 26. Rd7 Rg5 27. Qe4 Rd8 28. Rhd1 Rxd7 29. Rxd7 Qg1+ 30. Ka2 Qxg2 31. Rd8# 1-0

[Event "Late-Titled-Tuesday-Blitz-October-17-2023"]
[Site "Chess.com"]
[Date "2023.10.17"]
[Round "8"]
[White "djano"]
[Black "gmcorrales"]
[Result "0-1"]
[WhiteElo "2677"]
[BlackElo "2850"]
[TimeControl "180+1"]
[EndTime "15:25:01 PDT"]
[Termination "gmcorrales won by resignation"]

1. e4 c5 2. Nc3 Nc6 3. Bb5 g6 4. Nf3 Bg7 5. O-O Nd4 6. e5 Nxb5 7. Nxb5 a6 8. Nc3 d5 9. exd6 Qxd6 10. Ne4 Qc6 11.
Re1 Nf6 12. Nxf6+ Bxf6 13. d4 cxd4 14. Nxd4 Qd5 15. c3 O-O 16. Bh6 Rd8 17. Qe2 b5 18.
Qf3 Bb7 19. Qxd5 Bxd5 20. a3 Rd7 21. Bf4 Bg7 22. h4 Rad8 23. Be5 f6 24. Bg3 e5 25. Nc2 a5 26. Ne3 Bb3 27. f4 e4 28. Re2 f5 29. h5 Bf6 30. hxg6 hxg6 31. Kf2 Be7 32. Rh1 Bc5 33. Bh4 Re8 34. Bf6 Rd3 35. Be5 Red8 36.
Rh8+ Kf7 37. Rh7+ Ke6 38. Rg7 Rxe3 39. Rxg6+ Kf7 40. Rf6+ Ke7 41. Rxe3 Rd2+ 42. Kg3 Bxe3 43. Rxf5 Bf2+ 44. Kg4 Be6 0-1

[Event "Late-Titled-Tuesday-Blitz-October-17-2023"]
[Site "Chess.com"]
[Date "2023.10.17"]
[Round "8"]
[White "scandalgod"]
[Black "Noki102"]
[Result "1-0"]
[WhiteElo "2498"]
[BlackElo "2439"]
[TimeControl "180+1"]
[EndTime "15:25:04 PDT"]
[Termination "scandalgod won by resignation"]

1. d4 d5 2. c4 e6 3. Nf3 Nf6 4. g3 Bb4+ 5. Bd2 Be7 6. Bg2 O-O 7. O-O c6 8. Qc2 Ne4 9. Bc1 f5 10. b3 Nd7 11. a4 a5 12. Bb2 Bb4 13. Ne1 Qg5 14. Nd3 Ndf6 15. Bc1 Qh5 16. Nf4 Qf7 17.
Nd2 Bxd2 18. Bxd2 g5 19. Nd3 Qh5 20. Rae1 g4 21. Nf4 Qf7 22. Bc1 Bd7 23. f3 Nd6 24. Nd3 Be8 25. Ne5 Qg7 26. Kh1 Bg6 27. Bf4 Qe7 28. Qd2 Nf7 29. Qe3 Nxe5 30. Bxe5 Nd7 31. Bf4 Rae8 32. Bg5 Qd6 33. Bh6 Rf7 34. fxg4 fxg4 35.
Rxf7 Bxf7 36. Qg5+ Bg6 37. Qxg4 e5 38. cxd5 cxd5 39.
dxe5 Nxe5 40. Qd4 Bf7 41. e4 Re6 42. exd5 Rxh6 43. Qxe5 Qxe5 44. Rxe5 Rb6 45. Re3 Rd6 46. Rd3 Bg6 47. Rd4 Bc2 48. b4 Bxa4 49. bxa5 Bc6 50. Rg4+ Kf7 51. Rf4+ Ke7 52. dxc6 Rd1+ 53. Bf1 1-0

[Event "Late-Titled-Tuesday-Blitz-October-17-2023"]
[Site "Chess.com"]
[Date "2023.10.17"]
[Round "8"]
[White "Dhaydon19"]
[Black "h4parah5"]
[Result "0-1"]
[WhiteElo "2562"]
[BlackElo "2937"]
[TimeControl "180+1"]
[EndTime "15:25:06 PDT"]
[Termination "h4parah5 won by resignation"]

1. d4 Nf6 2. Nf3 d5 3. g3 e6 4.
Bg2 b5 5. Ne5 Bb7 6. O-O Nbd7 7.
Nxd7 Qxd7 8. Nd2 Be7 9. Nb3 h6 10. Bf4 a5 11. a3 Ne4 12. f3 Nf6 13. Qd2 b4 14. axb4 axb4 15. Rxa8+ Bxa8 16. Nc5 Qb5 17. Nd3 Qb6 18. Be3 O-O 19. Ra1 Bc6 20. Ne5 Bb5 21.
h4 c5 22. c3 Rc8 23. g4 Nd7 24. Nxd7 Bxd7 25. g5 hxg5 26. hxg5 cxd4 27. Bxd4 Bc5 28. e3 e5 29. Bxc5 Qxc5 30. cxb4 Qb6 31. Bf1 Bf5 32. Ra6 Qd8 33. f4 Rc2 34. Qe1 Qb8 35. Qg3 Rxb2 36. fxe5 Rxb4 37. Be2 Rb1+ 38. Kf2 Rb2 39.
Ra3 Rxe2+ 40. Kxe2 Qb2+ 41. Kf3 Qxa3 42. e6 Bxe6 43. g6 fxg6 44. Qxg6 Qf8+ 45. Kg2 Qf7 46. Qg3 Bf5 47. Qb8+ Qf8 48. Qc7 Be4+ 49. Kh3 Qf6 50.
Qc8+ Kh7 51. Kg3 Qg5+ 52. Kf2 Qf5+ 53. Ke1 Qxc8 0-1

[Event "Late-Titled-Tuesday-Blitz-October-17-2023"]
[Site "Chess.com"]
[Date "2023.10.17"]
[Round "8"]
[White "GianmarcoVaR"]
[Black "sjoerd893"]
[Result "1-0"]
[WhiteElo "2698"]
[BlackElo "2528"]
[TimeControl "180+1"]
[EndTime "15:25:07 PDT"]
[Termination "GianmarcoVaR won on time"]

1. e4 c5 2. Nf3 Nc6 3. Bb5 g6 4. O-O Bg7 5. Re1 Nf6 6. c3 O-O 7. d4 cxd4 8. cxd4 d5 9. e5 Ne4 10. Nc3 Nxc3 11. bxc3 Na5 12. Ba3 Bd7 13. Bd3 Rc8 14. Qd2 Bg4 15. Qg5 Re8 16. Qxg4 Rxc3 17. e6 f5 18. Bxf5 gxf5 19. Qh5 Rxa3 20. Ng5 h6 21. Nf7 Qb6 22. Nxh6+ Bxh6 23. Qxh6 Rf8 24. Qg5+ Kh8 25. Qh4+ Kg8 26. Qg5+ Kh8 27. Qh4+ Kg8 28.
Qxe7 Qd8 29. Qxa3 Nc4 30. Qg3+ Kh8 31. e7 1-0

[Event "Late-Titled-Tuesday-Blitz-October-17-2023"]
[Site "Chess.com"]
[Date "2023.10.17"]
[Round "8"]
[White "frederiksvane"]
[Black "ozates"]
[Result "1-0"]
[WhiteElo "2880"]
[BlackElo "2712"]
[TimeControl "180+1"]
[EndTime "15:25:08 PDT"]
[Termination "frederiksvane won on time"]

1. g3 c5 2. Bg2 Nc6 3. c4 g6 4. Nf3 Bg7 5. Nc3 d6 6. O-O e5 7. d3 Nge7 8. a3 O-O 9. Rb1 a5 10. Bg5 Be6 11. Ne1 Rb8 12. Nc2 f6 13. Be3 f5 14.
Bg5 h6 15. Bxe7 Qxe7 16. Nd5 Qf7 17. b4 cxb4 18. axb4 axb4 19. Ncxb4 g5 20. Nb6 Nd4 21. e3 Nc6 22. Nxc6 bxc6 23. Bxc6 f4 24. Bd5 f3 25. Kh1 Qf5 26. Rg1 h5 27. Bxe6+ Qxe6 28. Nd5 e4 29.
Qc2 Rxb1 30. Qxb1 exd3 31. Qxd3 Rb8 32. Nc7 Qe5 33. Nb5 Rd8 34. g4 h4 35. h3 d5 36.
Rd1 d4 37. Nxd4 Qd6 38. Qf5 1-0

[Event "Late-Titled-Tuesday-Blitz-October-17-2023"]
[Site "Chess.com"]
[Date "2023.10.17"]
[Round "8"]
[White "WPWPWP-2015"]
[Black "FuenfgegenWilly"]
[Result "0-1"]
[WhiteElo "2559"]
[BlackElo "2403"]
[TimeControl "180+1"]
[EndTime "15:25:09 PDT"]
[Termination "FuenfgegenWilly won on time"]

1. e4 e5 2. Nf3 Nc6 3. Bb5 a6 4. Ba4 d6 5. h3 Bd7 6. O-O Nge7 7.
c3 Ng6 8. d4 Be7 9. Bb3 h6 10.
Be3 Bg5 11. Nbd2 Qf6 12. Nh2 Nf4 13. Ng4 Qg6 14. Qf3 h5 15. Nh2 Nxh3+ 16. Kh1 Bg4 17. Qg3 Bf4 18. Bxf4 exf4 19. Qd3 Ng5 20. Bd5 Bd7 21.
Rae1 h4 22. Qe2 h3 23. g3 fxg3 24. fxg3 O-O-O 25. b4 Ne7 26. Bb3 Ne6 27. a4 Qxg3 28.
Rxf7 Nf4 29. Qf1 Nd3 30. Re2 Bg4 31. Ref2 Ng6 32. R2f5 Kb8 0-1

[Event "Late-Titled-Tuesday-Blitz-October-17-2023"]
[Site "Chess.com"]
[Date "2023.10.17"]
[Round "8"]
[White "Schwindle"]
[Black "midedu"]
[Result "0-1"]
[WhiteElo "2390"]
[BlackElo "2073"]
[TimeControl "180+1"]
[EndTime "15:25:10 PDT"]
[Termination "midedu won by resignation"]

1. e4 c5 2. Nf3 Nc6 3. d4 cxd4 4. Nxd4 Nf6 5. Nc3 Qb6 6. Nb3 e6 7. Be3 Qc7 8. Bd3 a6 9. O-O b5 10. a3 d6 11. f4 Be7 12. Kh1 Rb8 13. Qe2 b4 14. Na4 bxa3 15. bxa3 a5 16. Nc3 O-O 17. Nb5 Qd8 18. a4 e5 19. fxe5 dxe5 20. Rad1 Bg4 21.
Rf3 Bxf3 22. Qxf3 Nb4 23. Be2 Qc8 24. c3 Nc6 25. Rf1 Nd8 26. Nxa5 Ra8 27. Bb6 Bc5 28. Nc4 Rxa4 29. Ncd6 Qc6 30. Bxc5 Qxc5 31. c4 Ne6 32. Nf5 Nf4 33. Nbd6 Ra3 34. Qf2 Qxf2 35. Rxf2 Nxe2 36. h3 Nf4 37. Kh2 g6 38. Ne3 Rxe3 0-1